 Dungeon Crawl Stone Soup version 0.31-a0-232-gb1c03b2570 (webtiles) character file.

Game seed: 14866593436910891213

315 qw the Shooter (level 6, 0/51 HPs)
             Began as a Minotaur Hexslinger on July 7, 2023.
             Slain by an orc
             ... wielding a +0 trident
              (3 damage)
             ... on level 4 of the Dungeon.
             The game lasted 00:01:09 (2903 turns).

qw the Shooter (Minotaur Hexslinger)                Turns: 2903, Time: 00:01:09

Health: 0/51       AC:  5    Str: 13    XL:     6   Next: 19%
Magic:  6/6        EV: 11    Int: 10    God:
Gold:   278        SH:  0    Dex: 14    Spells: 6/7 levels left

rFire   . . .        Y - +1 sling
rCold   . . .        (no shield)
rNeg    . . .        d - +0 ring mail
rPois   .            (helmet restricted)
rElec   .            (no cloak)
rCorr   .            (no gloves)
SInv    .            (no boots)
Will    .....        (no amulet)
Stlth   +            (no ring)
HPRegen 0.28/turn    (no ring)
MPRegen 0.10/turn

%: no passive effects
@: no status effects
A: horns 2, retaliatory headbutt
a: no special abilities


You were on level 4 of the Dungeon.
You visited 1 branch of the dungeon, and saw 4 of its levels.

You collected 278 gold pieces.


Innate Abilities, Weirdness & Mutations

You have a pair of horns on your head.
You reflexively headbutt those who attack you in melee.


   Skills:
 + Level 3.4 Fighting
 - Level 6.4 Ranged Weapons
 - Level 1.1 Armour
 - Level 2.1 Dodging
 - Level 1.0 Spellcasting
 - Level 2.0 Hexes


You had 6 spell levels left.
You knew the following spells:

 Your Spells              Type           Power      Damage    Failure   Level
a - Slow                  Hex            16%        N/A       32%         1

Your spell library contained the following spells:

 Spells                   Type           Power      Damage    Failure   Level
 Inner Flame              Hex/Fire       2%         N/A       82%         3
 Portal Projectile        Hex/Tloc       4%         N/A       82%         3
 Cause Fear               Hex            2%         N/A       97%         4

Inventory:

Hand Weapons
 Y - a +1 sling (weapon)
Armour
 d - a +0 ring mail (worn)
Jewellery
 c - a ring of ice
Scrolls
 a - a scroll of revelation {unknown}
 f - a scroll of enchant armour {unknown}
 i - a scroll of identify
Potions
 b - 2 potions of curing
 e - a potion of mutation
 j - a potion of brilliance {unknown}

Dungeon Overview and Level Annotations

Branches:
Dungeon (4/15)
 Temple: D:4-7

Altars:

Annotations:
D:1 1 runed translucent door


Message History

The sling bullet hits the orc but does no damage.
The orc is moderately wounded.
The orc hits you but does no damage. The orc completely misses you.
The orc misses you.
The orc hits you from afar with a +0 trident.
The orc barely misses you. x2; The orc hits you with a +0 dagger.
The orc closely misses you.
You shoot a sling bullet. The sling bullet hits the orc.
The orc is severely wounded.
The orc barely misses you. x2; The orc closely misses you.
The orc hits you but does no damage.
You shoot a sling bullet. The sling bullet barely misses the orc.
The adder barely misses you. You furiously retaliate!
You headbutt the adder. The orc hits you with a +0 dagger.
The orc hits you but does no damage. The orc closely misses you.
The orc misses you. The adder misses you. You furiously retaliate!
You headbutt the adder. You shoot a sling bullet.
The sling bullet barely misses the adder.
The sling bullet hits the orc but does no damage.
The adder closely misses you. The orc misses you. The orc barely misses you.
You furiously retaliate!
You headbutt the orc. The orc hits you with a +0 club.
The orc hits you from afar with a +0 trident.
You shoot a sling bullet. The sling bullet hits the adder.
The adder is severely wounded.
The adder closely misses you. The orc hits you with a +0 dagger.
The orc hits you but does no damage. The orc hits you with a +0 club.
The orc hits you from afar with a +0 trident.
The adder bites you but does no damage.
You shoot a sling bullet. The sling bullet misses the adder.
The sling bullet hits the orc.
The orc is heavily wounded.
The orc hits you with a +0 dagger. The orc hits you with a +0 club.
The orc hits you but does no damage. The orc barely misses you.
The adder misses you. You furiously retaliate!
You headbutt the adder!
You kill the adder!
The orc hits you but does no damage.
The orc complains repeatedly.
The orc hits you with a +0 dagger. The orc hits you but does no damage.
The orc hits you from afar with a +0 trident.
You die...

# # # # . #####
#############.$. ....#
#..<....oo...... ....#
##.......@.o..... ....#
#...######o###... .>..#
###.......... ....#
#..>......... ##..#
#..................
....######..................
...##...#..###'##+##........
.........#.........#.......#
.........#.........#.......#


You could see 4 orcs.

Vanquished Creatures
  An ogre (D:3)
  A scorpion (D:4)
  An iguana (D:4)
  6 adders
  6 worms
  7 dart slugs
  2 orcs
  3 bats
  2 endoplasms (D:1)
  2 giant cockroaches (D:1)
  11 goblins
  5 hobgoblins
  5 quokkas
  4 ball pythons
  3 frilled lizards
  7 kobolds
  6 rats
72 creatures vanquished.

Notes
Turn   | Place    | Note
-------+----------+-------------------------------------------
     0 | D:1      | qw the Minotaur Hexslinger began the quest for the Orb.
     0 | D:1      | Reached XP level 1. HP: 16/16 MP: 1/1
     0 | D:1      | 0 ||| qw: Version: 0.3-a-46-gb1f654a
     0 | D:1      | 0 ||| qw: Game counter: 2541
     0 | D:1      | 0 ||| qw: Melee chars always use a shield: true
     0 | D:1      | 0 ||| qw: God list: Okawaru
     0 | D:1      | 0 ||| qw: Allow faded altars: false
     0 | D:1      | 0 ||| qw: Do Orc after clearing Dungeon:15 true
     0 | D:1      | 0 ||| qw: Do second Lair branch before Depths: true
     0 | D:1      | 0 ||| qw: Lair rune preference: random
     0 | D:1      | 0 ||| qw: Goals: Normal
     0 | D:1      | 0 ||| PLANNING D:1-11
     1 | D:1      | Found a runed translucent door.
    77 | D:1      | Found a faded altar of an unknown god.
   243 | D:1      | 243 ||| FLEEEEING.
   253 | D:1      | Reached skill level 3 in Ranged Weapons
   253 | D:1      | Reached XP level 2. HP: 21/23 MP: 2/2
   346 | D:1      | HP: 2/24 [quokka (5)]
   531 | D:1      | Reached XP level 3. HP: 29/29 MP: 3/3
   864 | D:1      | 864 ||| READING scroll labelled JOEFOL KOMP.
   865 | D:1      | 865 ||| READING scroll labelled COOKUO UDGHELOD.
   866 | D:1      | 866 ||| READING scroll labelled OCOMYT IPLI.
   867 | D:1      | 867 ||| DROPPING scroll of poison.
   885 | D:2      | Reached skill level 4 in Ranged Weapons
   922 | D:2      | 922 ||| FLEEEEING.
   923 | D:2      | 923 ||| STAIRDANCE
   943 | D:2      | 943 ||| STAIRDANCE
  1391 | D:2      | 1391 ||| UPGRADING to +0 ring mail.
  1401 | D:2      | 1401 ||| DROPPING +0 robe.
  1402 | D:2      | 1402 ||| READING 2 scrolls labelled APIKIE TOGACW.
  1403 | D:2      | 1403 ||| DRINKING 3 puce potions.
  1404 | D:2      | 1404 ||| READING 3 scrolls of identify.
  1404 | D:2      | 1404 ||| IDENTIFYING white potion
  1405 | D:2      | 1405 ||| READING 2 scrolls of identify.
  1405 | D:2      | 1405 ||| IDENTIFYING emerald potion
  1406 | D:2      | 1406 ||| DROPPING potion of attraction.
  1407 | D:2      | 1407 ||| DROPPING scroll of noise.
  1432 | D:3      | Identified the +7 dagger "Keifigy" {speed, Str-5 Int+4
                  | Stlth+}
  1454 | D:3      | Reached XP level 4. HP: 30/36 MP: 4/4
  1458 | D:3      | Reached skill level 1 in Armour
  1710 | D:3      | Noticed an ogre
  1717 | D:3      | Killed an ogre
  1718 | D:3      | Reached skill level 5 in Ranged Weapons
  1718 | D:3      | Reached XP level 5. HP: 33/41 MP: 5/5
  2044 | D:3      | 2044 ||| FLEEEEING.
  2045 | D:3      | 2045 ||| FLEEEEING.
  2205 | D:3      | 2205 ||| READING scroll labelled DIGEKL HUFIRCH.
  2306 | D:3      | 2306 ||| READING scroll labelled BYARGH CUDEEBA.
  2307 | D:3      | 2307 ||| READING scroll labelled SUNEUKHLYFIEG.
  2308 | D:3      | 2308 ||| DRINKING 2 yellow potions.
  2309 | D:3      | 2309 ||| READING 2 scrolls of identify.
  2309 | D:3      | 2309 ||| IDENTIFYING lumpy emerald potion
  2310 | D:3      | 2310 ||| DROPPING potion of invisibility.
  2471 | D:4      | Reached skill level 3 in Fighting
  2540 | D:4      | HP: 9/45 [scorpion (5)]
  2541 | D:4      | 2541 ||| DRINKING potion of heal wounds.
  2543 | D:4      | Reached skill level 6 in Ranged Weapons
  2543 | D:4      | Reached XP level 6. HP: 29/51 MP: 6/6
  2645 | D:4      | HP: 10/51 [iguana (8)]
  2648 | D:4      | HP: 2/51 [iguana (6)]
  2902 | D:4      | HP: 10/51 [orc/+0 trident (4)]
  2903 | D:4      | HP: 3/51 [orc/+0 dagger (3)]
  2903 | D:4      | Slain by an orc

Levels and vault maps discovered:
D:1:      dpeg_arrival_caged_fury, layout_basic, ebering_ecumenical_altar_mist
D:2:      layout_rooms
D:3:      layout_loops_ring
D:4:      layout_gridville, kennysheep_generic_room_12

Skill      XL: |  1  2  3  4  5 |
---------------+----------------+-----
Ranged Weapons | 3 4 5 6 |  6.4
Fighting       | 2 3 |  3.4
Armour         | 1 |  1.1
Dodging        | |  2.1
Spellcasting   | |  1.0
Hexes          | |  2.0

Action                     |  1- 3 |  4- 6 || total
---------------------------+-------+-------++-------
   Fire: Sling             |   126 |   138 ||   264
    Use: Scroll            |     6 |     4 ||    10
         Potion            |     1 |     2 ||     3
 Armour: Robe              |     7 |       ||     7
         Ring mail         |       |    29 ||    29
  Dodge: Dodged            |    25 |    69 ||    94

Table legend:
 A = Non-vault XP
 B = Vault XP
 C = Vault XP percentage of total XP
 D = Non-vault monster count
 E = Vault monster count
 F = Vault count percentage of total count
                 A         B        C        D         E       F
            +---------+---------+-------+---------+---------+-------
      Total |     463 |       0 |   0.0 |      72 |       0 |   0.0
            +---------+---------+-------+---------+---------+-------
        D:1 |      57 |       0 |   0.0 |      31 |       0 |   0.0
        D:2 |      38 |       0 |   0.0 |      15 |       0 |   0.0
        D:3 |     181 |       0 |   0.0 |      13 |       0 |   0.0
        D:4 |     187 |       0 |   0.0 |      13 |       0 |   0.0
            +---------+---------+-------+---------+---------+-------
